 Dungeon Crawl Stone Soup version 0.30.1-11-g7821555f0a (webtiles) character file.

Game seed: 12768863524226586251

124 RancidPinata the Trooper (level 5, -11/32 HPs)
             Began as a Gargoyle Gladiator on Dec 13, 2023.
             Mangled by a gnoll
             ... wielding a +0 halberd
              (12 damage)
             ... on level 2 of the Dungeon.
             The game lasted 00:10:04 (2265 turns).

RancidPinata the Trooper (Gargoyle Gladiator)       Turns: 2265, Time: 00:10:04

Health: -11/32     AC:  8    Str: 19    XL:     5   Next: 8%
Magic:  5/5        EV: 12    Int:  9    God:
Gold:   156        SH:  0    Dex: 11    Spells: 4/4 levels left

rFire   . . .        a - +0 flail
rCold   . . .        (no shield)
rNeg    + . .        b - +0 leather armour
rPois   ∞            c - +0 helmet
rElec   +            (no cloak)
rCorr   .            (no gloves)
SInv    .            (no boots)
Will    .....        (no amulet)
Stlth   +            (no ring)
HPRegen 0.25/turn    (no ring)
MPRegen 0.09/turn

%: no passive effects
@: no status effects
A: sickness immunity, AC +4, negative energy resistance 1, electricity
resistance, torment resistance 1, petrification resistance
a: no special abilities


You were on level 2 of the Dungeon.
You visited 1 branch of the dungeon, and saw 3 of its levels.

You collected 156 gold pieces.

Inventory:

Hand Weapons
 a - a +0 flail (weapon)
Missiles
 d - 3 throwing nets (quivered)
 e - a javelin
 n - 28 stones
 v - 4 poisoned darts
Armour
 b - a +0 leather armour (worn)
 c - a +0 helmet (worn)
 x - a +0 pair of boots
Magical Staves
 g - a staff of earth
Jewellery
 f - a ring of ice
Wands
 p - a wand of flame (14)
Scrolls
 h - a scroll of vulnerability {unknown}
 k - a scroll of poison {unknown}
 m - a scroll of teleportation {unknown}
 o - 2 scrolls of enchant armour {unknown}
 q - a scroll of noise {unknown}
 r - a scroll of identify {unknown}
 s - a scroll of enchant weapon {unknown}
 t - a scroll of magic mapping {unknown}
 u - a scroll of blinking {unknown}
Potions
 i - 3 potions of ambrosia {unknown}
 j - a potion of heal wounds {unknown}
 l - 2 potions of curing {unknown}
 w - a potion of brilliance {unknown}


   Skills:
 * Level 3.4 Fighting
 + Level 3.3(3.5) Maces & Flails
 + Level 1.3(2.5) Staves
 + Level 2.2 Throwing
 * Level 2.1 Armour
 + Level 2.7 Dodging


You had 4 spell levels left.
You didn't know any spells.
Your spell library contained the following spells:

 Spells                   Type           Power      Damage    Failure   Level
 Apportation              Tloc           0%         N/A       43%         1
 Necrotise                Necr           0%         1d4       43%         1
 Sting                    Tmut/Pois      0%         1d3       43%         1
 Summon Small Mammal      Summ           0%         N/A       43%         1
 Poisonous Vapours        Pois/Air       0%         N/A       58%         2
 Olgreb's Toxic Radiance  Pois           0%         N/A       99%         4


Dungeon Overview and Level Annotations

Branches:
Dungeon (3/15)

Altars:

Shops:
D:1 !   D:2 (


Innate Abilities, Weirdness & Mutations

You are immune to sickness and miasma.
Your stone body is resilient. (AC +4)
You are immune to poison.
You resist negative energy. (rN+)
You are resistant to electric shocks. (rElec)
You are resistant to unholy torment.
You are immune to petrification.


Message History

You have reached level 5!
Things that are here:
a +0 spear; a gnoll corpse You start resting.
HP restored.
There is a stone staircase leading down here.
You climb downwards.
There is a stone staircase leading up here.
There is a stone staircase leading up here.
The gnoll closely misses you.
There is a stone staircase leading up here.
The gnoll hits you with a +0 halberd.
You climb upwards.
There is a stone staircase leading down here.
You hit the gnoll.
The gnoll is moderately wounded.
The gnoll hits you but does no damage.
You closely miss the gnoll.
The gnoll is moderately wounded.
The gnoll misses you.
You hit the gnoll but do no damage.
The gnoll is moderately wounded.
The gnoll hits you with a +0 halberd!
You completely miss the gnoll.
The gnoll is moderately wounded.
The gnoll misses you. The gnoll barely misses you.
You closely miss the gnoll.
The gnoll is moderately wounded.
The gnoll hits you with a +0 halberd.
You closely miss the gnoll.
The gnoll is moderately wounded.
The gnoll hits you with a +0 halberd!
You closely miss the gnoll.
The gnoll is moderately wounded.
The gnoll hits you with a +0 halberd!
* * * LOW HITPOINT WARNING * * *
You barely miss the gnoll.
The gnoll is moderately wounded.
The gnoll hits you with a +0 halberd!
You die...

...##########
............#
............#
............#
..#.........#
............#
............#
.........#########
.........'.....g@#
..#......##.######
..#......##÷#
..#...)..##.#
..#...)####'#####
.....#..........#
.....#..........#
.....#..........#
................#


You could see a gnoll.

Vanquished Creatures
  5 adders (D:2)
  2 gnolls (D:2)
  6 bats
  6 endoplasms
  3 giant cockroaches
  5 hobgoblins
  3 jackals (D:2)
  4 kobolds
  2 quokkas
  5 ball pythons
  3 frilled lizards (D:1)
  5 goblins
  5 rats
54 creatures vanquished.

Notes
Turn   | Place    | Note
-------+----------+-------------------------------------------
     0 | D:1      | RancidPinata the Gargoyle Gladiator began the quest for the
                  | Orb.
     0 | D:1      | Reached XP level 1. HP: 12/12 MP: 1/1
   142 | D:1      | Reached XP level 2. HP: 13/18 MP: 2/2
   247 | D:1      | Reached skill level 1 in Armour
   507 | D:1      | Found Juxitzon's Distillery.
   600 | D:1      | Found a faded altar of an unknown god.
   833 | D:1      | Reached XP level 3. HP: 22/22 MP: 3/3
  1186 | D:2      | Found Lyloix's Antique Weapon Shoppe.
  1264 | D:2      | Reached skill level 1 in Staves
  1264 | D:2      | Reached XP level 4. HP: 26/28 MP: 4/4
  2212 | D:2      | Reached XP level 5. HP: 24/32 MP: 5/5
  2264 | D:2      | HP: 1/32 [gnoll/+0 halberd (10)]
  2265 | D:2      | Mangled by a gnoll

Illustrated notes

Levels and vault maps discovered:
D:1:      onia_arrival_pyramid, layout_basic, basic_ecumenical_altar,
          serial_shops, nicolae_square_shop, minmay_indecisive_spiral
D:2:      layout_basic, serial_shops, nicolae_shop_stone, minmay_tetromino_i4
D:3:      layout_rooms, gammafunk_ghost_cemetery

Skill      XL: |  1  2  3  4 |
---------------+-------------+-----
Armour         | 1 2 |  2.1
Throwing       | 2 |  2.2
Fighting       | 3 |  3.4
Staves         | 1 |  1.3
Maces & Flails | |  3.3
Dodging        | |  2.7

Action                     |  1- 3 |  4- 6 || total
---------------------------+-------+-------++-------
  Melee: Flail             |    15 |    28 ||    43
         Staff             |   129 |    94 ||   223
         Punch             |     2 |     4 ||     6
   Stab: Sleeping          |       |     1 ||     1
 Armour: Leather armour    |    73 |    67 ||   140
  Dodge: Dodged            |   110 |   117 ||   227
